 Dungeon Crawl Stone Soup version 0.29.1-1-gd02db6906a (webtiles) character file.

Game seed: 17968682723293128664

291 lanetrain the Chopper (level 6, -1/53 HPs)
             Began as a Hill Orc Monk on Sept 25, 2022.
             Slain by an orc wizard
             ... wielding a +0 war axe
              (6 damage)
             ... on level 4 of the Dungeon.
             The game lasted 00:10:26 (4675 turns).

lanetrain the Chopper (Hill Orc Monk)               Turns: 4675, Time: 00:10:27

Health: -1/53      AC:  5    Str: 16    XL:     6   Next: 32%
Magic:  6/6        EV: 12    Int: 10    God:
Gold:   115        SH:  0    Dex: 13    Spells: 5/5 levels left

rFire   + . .      SeeInvis .   F - +4 hand axe
rCold   . . .      Faith    .   (no shield)
rNeg    . . .      Spirit   .   q - +0 leather armour
rPois   .          Reflect  .   y - +0 helmet
rElec   .          Harm     .   (no cloak)
rCorr   .          Rampage  .   (no gloves)
Will    .....                   t - +0 pair of boots
Stlth   ++........              (no amulet)
HPRegen 0.17/turn               l - ring of protection from fire
MPRegen 0.10/turn               (no ring)

@: no status effects
A: no striking features
a: no special abilities


You were on level 4 of the Dungeon.
You visited 1 branch of the dungeon, and saw 4 of its levels.

You collected 115 gold pieces.

Inventory:

Hand Weapons
 a - a +0 hand axe
 e - a +0 mace
 i - a +1 dagger of flaming
 k - a +1 dagger of venom
 r - a +0 sling
 F - a +4 hand axe (weapon)
Missiles
 d - 51 stones (quivered)
 G - 2 boomerangs of dispersal
Armour
 b - a +0 robe
 g - a +0 buckler
 o - a +0 ring mail
 q - a +0 leather armour (worn)
 t - a +0 pair of boots (worn)
 y - a +0 helmet (worn)
Jewellery
 l - a ring of protection from fire (left hand)
Scrolls
 m - a scroll of vulnerability
 n - 2 scrolls of identify
 p - 2 scrolls of summoning
 s - a scroll of blinking {unknown}
 v - a scroll of silence {unknown}
 z - a scroll of noise
 A - a scroll of fear {unknown}
 C - a scroll of enchant armour {unknown}
 D - a scroll of teleportation
 E - a scroll of magic mapping {unknown}
Potions
 c - a potion of ambrosia
 f - 2 potions of curing
 h - 2 potions of heal wounds
 j - a potion of cancellation {unknown}
 u - 2 potions of might
 w - 2 potions of berserk rage {unknown}
 x - a potion of magic {unknown}
 B - a potion of brilliance {unknown}


   Skills:
 + Level 4.6 Fighting
 + Level 6.2 Axes
 + Level 2.9 Armour
 + Level 3.1 Dodging
 + Level 2.5 Stealth


You had 5 spell levels left.
You didn't know any spells.
Your spell library contained the following spells:

 Spells                   Type           Power      Damage    Failure   Level
 Necrotise                Necr           0%         1d4       41%         1
 Vampiric Draining        Necr           0%         2d6       80%         3
 Agony                    Necr           0%         N/A       100%        5


Dungeon Overview and Level Annotations

Branches:
Dungeon (4/15)
 Temple: D:4-7

Altars:
Fedhas
Vehumet

Annotations:
D:4 Blork the orc


Message History

The orc is heavily wounded.
The orc hits you with a +4 hand axe.
You barely miss the orc.
The orc is heavily wounded.
The orc barely misses you.
You hit the orc.
The orc is almost dead.
The orc hits you with a +4 hand axe.
You hit the orc.
You kill the orc!
E - a scroll labelled BUEHECK HO AMU You now have 115 gold pieces (gained 15).
Items here: ( )) [[ †.
F - a +4 hand axe;
G - 2 boomerangs of dispersal
F - a +4 hand axe (weapon)
Items here: ) [[ †.
Found a hand axe.
An orc comes into view. It is wielding a +0 mace.
You closely miss the orc wizard.
The orc wizard hits you with a +0 war axe!
You barely miss the orc wizard.
The orc wizard hits you with a +0 war axe!
You hit the orc wizard.
The orc wizard is moderately wounded.
The orc wizard hits you with a +0 war axe!
You closely miss the orc wizard.
The orc wizard is moderately wounded.
The orc wizard casts a spell at you. The magic dart hits you.
You hit the orc wizard.
The orc wizard is heavily wounded.
The orc wizard hits you with a +0 war axe!
* * * LOW HITPOINT WARNING * * *
You hit the orc wizard.
The orc wizard is severely wounded.
You hit the orc. The orc wizard misses you. The orc hits you with a +0 mace.
* * * LOW HITPOINT WARNING * * *
The orc wizard attacks as you move away!
The orc wizard hits you with a +0 war axe.
You die...

. .. #. #.). .. #.##..
#.. ###..#.) #...
#####......... .....
.............###.....
####>............#......
...#.... #.@o..# ##.#...
#..o#.# #.#.. #...#
#.#.# #.###############
#.#.# #.[.............#
#.#.# ##############.##
#.#.# #.# ##.#o#
#######.#### .....##
............


You could see an orc wizard and an orc.

Vanquished Creatures
  A scorpion (D:4)
  2 orc priests (D:4)
  A hound (D:4)
  An iguana (D:4)
  An orc wizard (D:4)
  2 worms (D:2)
  13 orcs
  10 ball pythons
  4 bats (D:1)
  6 endoplasms
  A giant cockroach (D:1)
  9 goblins
  3 hobgoblins
  5 jackals
  4 quokkas
  5 frilled lizards
  3 kobolds
  7 rats
78 creatures vanquished.

Notes
Turn   | Place    | Note
-------+----------+-------------------------------------------
     0 | D:1      | lanetrain the Hill Orc Monk began the quest for the Orb.
     0 | D:1      | Reached XP level 1. HP: 19/19 MP: 1/1
   295 | D:1      | Reached XP level 2. HP: 27/27 MP: 2/2
  1130 | D:2      | Reached XP level 3. HP: 21/33 MP: 3/3
  2498 | D:3      | Reached XP level 4. HP: 14/41 MP: 4/4
  2897 | D:3      | Reached skill level 1 in Armour
  3334 | D:4      | Reached skill level 5 in Axes
  3718 | D:4      | Reached XP level 5. HP: 47/47 MP: 5/5
  4091 | D:4      | Noticed Blork the orc
  4107 | D:4      | Found a radiant altar of Vehumet.
  4402 | D:4      | Reached skill level 6 in Axes
  4402 | D:4      | Reached XP level 6. HP: 39/53 MP: 6/6
  4402 | D:4      | Found a blossoming altar of Fedhas.
  4675 | D:4      | Slain by an orc wizard

Illustrated notes

Levels and vault maps discovered:
D:1:      denvon_arrival_waterhouse, layout_loops_cross,
          nicolae_figureground_sparkle
D:2:      layout_basic, nicolae_figureground_pulse
D:3:      layout_loops_ring
D:4:      layout_basic, nicolae_vehumet_radiance, general_overflow_altar,
          okawaru_ov_weapons_minmay, kennysheep_pointless_box,
          uniq_blork_the_orc, uniq_crazy_yiuf_cottage

Skill      XL: |  1  2  3  4  5  6 |
---------------+-------------------+-----
Fighting       | 4 |  4.6
Stealth        | 2 |  2.5
Armour         | 1 2 |  2.9
Axes           | 5 6 |  6.2
Dodging        | 3 |  3.1

Action                   |  1- 3 |  4- 6 || total
-------------------------+-------+-------++-------
Melee: Hand axe          |   136 |   130 ||   266
Throw: Stone             |       |     3 ||     3
  Use: Scroll            |     2 |     7 ||     9
       Potion            |     1 |       ||     1
 Stab: Sleeping          |     6 |     2 ||     8
Armor: Robe              |    10 |       ||    10
       Leather armour    |    22 |    26 ||    48
Dodge: Dodged            |    76 |    57 ||   133
